 Dungeon Crawl Stone Soup version 0.19.0-2-gae57169 (webtiles) character file.

6057 LORDOFBUTT the Covert (level 10, 0/44 HPs)
             Began as a Spriggan Enchanter on Nov 4, 2016.
             Was a Priest of Dithmenos.
             Slain by Arctor's ghost (9 damage)
             ... on level 9 of the Dungeon.
             The game lasted 00:25:04 (11208 turns).

LORDOFBUTT the Covert (Spriggan Enchanter)         Turns: 11208, Time: 00:25:04

Health: 0/44       AC:  4    Str:  5    XL:     10   Next: 57%
Magic:  23/23      EV: 26    Int: 17    God:    Dithmenos [***...]
Gold:   588        SH:  4    Dex: 19    Spells: 5 memorised, 13 levels left

rFire  . . .     SeeInvis +     K - +1 rapier (venom)
rCold  . . .     Gourm    .     b - +1 robe
rNeg   . . .     Faith    .     (shield restricted)
rPois  .         Spirit   .     (helmet restricted)
rElec  .         Reflect  +     I - +0 cloak
rCorr  .         Harm     .     (gloves unavailable)
MR     +....                    (boots unavailable)
Stlth  +++++++...               C - +4 amulet of reflection
                                (no ring)
                                (no ring)

@: lethally poisoned (0 -> -4), about to teleport, wreathed by umbra, very quick
A: unfitting armour, see invisible, herbivore 3, speed 3, slow metabolism 2
a: Shadow Step, Renounce Religion


You were on level 9 of the Dungeon.
You worshipped Dithmenos.
Dithmenos was most pleased with you.
You were not hungry.

You visited 2 branches of the dungeon, and saw 10 of its levels.
You also visited: Bailey.

You collected 588 gold pieces.

Inventory:

Hand Weapons
 a - the +9 dagger "Iseq" {elec, Str-5 Dex+3 Stlth+}
   (You found it on level 4 of the Dungeon)

   Occasionally, upon striking a foe, it will discharge some electrical energy
   and cause terrible harm.
   It affects your strength (-5).
   It affects your dexterity (+3).
   It makes you more stealthy.
 u - a +0 blowgun
 K - a +1 rapier of venom (weapon)
Missiles
 v - 18 poisoned needles
Armour
 b - a +1 robe (worn)
 I - a +0 cloak (worn)
Jewellery
 t - an uncursed ring of teleportation
 A - an uncursed ring of loudness
 C - a +4 amulet of reflection (around neck)
Wands
 o - a wand of polymorph (3/24)
 x - a wand of teleportation (5/9)
 B - a wand of polymorph (10/24)
 E - a wand of teleportation (4/9)
 H - a wand of iceblast (10/15)
Scrolls
 e - 2 scrolls of teleportation
 f - a scroll of amnesia {unknown}
 h - 2 scrolls of magic mapping {unknown}
 j - 2 scrolls of enchant weapon {unknown}
 m - 2 scrolls of noise {unknown}
 p - a scroll of recharging {unknown}
 q - 5 scrolls of identify {unknown}
 s - a scroll of random uselessness {unknown}
 D - 4 scrolls of blinking {unknown}
 F - 2 scrolls of fear {unknown}
 J - 2 scrolls of remove curse
Potions
 i - a potion of magic {unknown}
 l - 2 potions of mutation {unknown}
 n - a potion of flight {unknown}
 r - 3 potions of might {unknown}
 w - 3 potions of ambrosia
 z - 3 potions of curing {unknown}
 G - a potion of haste {unknown}
Books
 c - a book of Maledictions

   Spells                             Type                      Level
   a - Corona                         Hexes                        1
   b - Ensorcelled Hibernation        Hexes/Ice                    2
   c - Confuse                        Hexes                        3
   d - Tukima's Dance                 Hexes                        3
   e - Dazzling Spray                 Conjuration/Hexes            3
 g - a book of Necromancy

   Spells                             Type                      Level
   a - Pain                           Necromancy                   1
   b - Animate Skeleton               Necromancy                   1
   c - Vampiric Draining              Necromancy                   3
   d - Regeneration                   Charms/Necromancy            3
   e - Animate Dead                   Necromancy                   4
   f - Control Undead                 Necromancy                   4
 k - a book of Power

   Spells                             Type                      Level
   a - Fulminant Prism                Conjuration/Hexes            4
   b - Iskenderun's Mystic Blast      Conjuration                  4
   c - Venom Bolt                     Conjuration/Poison           5
   d - Bolt of Magma                  Conjuration/Fire/Earth       5
   e - Iron Shot                      Conjuration/Earth            6
   f - Orb of Destruction             Conjuration                  7
   g - Spellforged Servitor           Conjuration/Summoning        7
Comestibles
 d - 5 bread rations
 L - 2 slices of pizza
 M - 5 fruits


   Skills:
 + Level 7.3 Short Blades
 + Level 9.7 Dodging
 + Level 10.8 Stealth
 + Level 8.0 Spellcasting
 + Level 9.0 Hexes
 + Level 5.4 Ice Magic


You had 13 spell levels left.
You knew the following spells:

 Your Spells              Type           Power        Failure   Level  Hunger
a - Corona                Hex            #####..      1%          1    None
b - Ensorcelled Hibernat  Hex/Ice        ####..       1%          2    None
c - Confuse               Hex            #####...     1%          3    #......
d - Tukima's Dance        Hex            #####...     1%          3    #......
e - Dazzling Spray        Conj/Hex       ###...       6%          3    #......


Dungeon Overview and Level Annotations

Branches:
Dungeon (9/15)             Temple (1/1) D:4
   Lair: D:8-11         Orc: D:9-12

Altars:
Ashenzari
Cheibriados
Dithmenos
Elyvilon
Fedhas
Gozag
Hepliaklqana
Kikubaaqudgha
Makhleb
Nemelex Xobeh
Okawaru
Qazlal
Ru
Sif Muna
Trog
Uskayaw
Vehumet
Xom
Yredelemnul
Zin
The Shining One

Annotations:
D:9 Arctor's ghost, novice GrWz


Innate Abilities, Weirdness & Mutations

You are very small and have problems with some larger weapons.
You are too small for most types of armour.
You have supernaturally acute eyesight. (SInv)
You are a herbivore.
You cover ground extremely quickly.
You need consume almost no food.


Message History

Dithmenos accepts your kill.
Your Hexes skill increases to level 9!
Arctor's ghost casts a spell at you. The magic dart hits you!
* * * LOW HITPOINT WARNING * * *
It was a potion of ambrosia.
You are confused.
You feel invigorated.
You feel sick.
You feel sick.
You feel less invigorated.
You feel less confused.
You feel sick.
Arctor's ghost points at you and mumbles some strange words.
The magic dart hits you!
* * * LOW HITPOINT WARNING * * *
You feel sick.
Okay, then.
As you read the scroll of teleportation, it crumbles to dust.
You feel strangely unstable. Arctor's ghost hits you!
You die...

# #..#######..... #.#.... #
#.Z#.....'.... #.#.#.. #
#..z....# ... #.#.### # #.##.##.#
#'# #.#...# ####.....#Z# #†#
#.###)# #........#.# #.# #.# #.#
#........#.###.############.# #.#
####>..........W......[.....###.#
.†..............@................
###########.##.############.#.#.#
#.##.# ............#.# #....#
............#.# ######
............#.# ..........#.#.#
..........#.#.# #...#####.#.#.#
#... #.#.#


You could see Arctor's ghost.

Vanquished Creatures
  2 orc knights (Bailey)
  An orc sorcerer (Bailey)
  The ghost of blobert the Cudgeler, a novice GrBe of Trog (D:6)
  A kobold demonologist (Bailey)
  A troll (D:8)
  Sigmund (D:3)
  Menkaure (D:5)
  An ice beast (D:6)
  7 orc warriors
  2 sky beasts
  A necrophage (D:5)
  A phantom (D:4)
  4 wolves
  3 centaurs
  2 ogres
  2 bullfrogs (D:8)
  3 scorpions
  3 killer bees (D:8)
  6 wights
  A howler monkey (D:4)
  2 bullfrog zombies
  3 crimson imps
  3 hounds
  3 bullfrog skeletons
  3 orc priests (D:6)
  2 gnoll shamans
  5 jellies
  4 orc wizards
  Ijyb (D:3)
  2 iguanas
  4 worker ants
  A killer bee zombie (D:5)
  A hound skeleton (D:5)
  Robin (D:3)
  4 worker ant zombies
  10 gnolls
  8 adders
  A shadow imp (D:6)
  An adder zombie (D:9)
  2 adder skeletons
  5 worms
  3 dart slugs
  8 leopard geckos
  20 orcs
  5 bats
  6 giant cockroaches
  17 hobgoblins
  6 jackals
  4 quokkas
  A ball python (D:3)
  5 frilled lizards
  25 goblins
  5 kobolds
  A quokka skeleton (D:5)
  A quokka zombie (D:5)
  2 rats
219 creatures vanquished.

Vanquished Creatures (collateral kills)
  A gnoll (Bailey)
  3 orcs (Bailey)
  3 goblins (Bailey)
  A hobgoblin (Bailey)
8 creatures vanquished.

Vanquished Creatures (others)
  A dancing weapon (D:7)
  An orc (Bailey)
2 creatures vanquished.

Grand Total: 229 creatures vanquished

Notes
Turn   | Place    | Note
-------+----------+-------------------------------------------
     0 | D:1      | LORDOFBUTT the Spriggan Enchanter began the quest for the Orb.
     0 | D:1      | Reached XP level 1. HP: 9/9 MP: 5/5
   586 | D:1      | Reached XP level 2. HP: 13/13 MP: 6/6
   590 | D:1      | Learned a level 2 spell: Ensorcelled Hibernation
  1145 | D:2      | Reached XP level 3. HP: 16/16 MP: 8/8
  1248 | D:2      | Reached skill level 5 in Stealth
  1490 | D:2      | Found a sparkling altar of Nemelex Xobeh.
  1575 | D:2      | Found an iron altar of Okawaru.
  2104 | D:3      | Noticed Robin
  2127 | D:3      | Learned a level 3 spell: Confuse
  2140 | D:3      | Reached XP level 4. HP: 10/21 MP: 0/9
  2336 | D:3      | Killed Robin
  2648 | D:3      | Reached skill level 1 in Ice Magic
  2705 | D:3      | Found an iron altar of Okawaru.
  3178 | D:3      | Reached XP level 5. HP: 24/24 MP: 10/10
  3288 | D:3      | Noticed Sigmund
  3292 | D:3      | Noticed Ijyb
  3302 | D:3      | Killed Ijyb
  3322 | D:3      | Killed Sigmund
  3322 | D:3      | Reached skill level 6 in Stealth
  3322 | D:3      | Reached XP level 6. HP: 13/28 MP: 0/12
  3613 | D:4      | Reached skill level 5 in Dodging
  3888 | D:4      | Reached skill level 5 in Hexes
  4182 | D:4      | Found a staircase to the Ecumenical Temple.
  4186 | D:4      | Noticed an angel
  4187 | D:4      | Found a glowing silver altar of Zin.
  4188 | D:4      | Found a shimmering altar of Xom.
  4201 | Temple   | Entered the Ecumenical Temple
  4260 | Temple   | Became a worshipper of Dithmenos the Shadowed
  4608 | D:4      | Reached XP level 7. HP: 32/32 MP: 11/14
  4797 | D:4      | Reached skill level 7 in Stealth
  5269 | D:5      | Entered Level 5 of the Dungeon
  5331 | D:4      | Got a translucent dagger
  5332 | D:4      | Lost strength.
  5332 | D:4      | Identified the +9 dagger "Iseq" {elec, Str-5 Dex+3 Stlth+} (You found it on level 4 of the Dungeon)
  5562 | D:5      | Reached * piety under Dithmenos
  5963 | D:5      | Noticed Menkaure
  6016 | D:5      | Killed Menkaure
  6016 | D:5      | Reached skill level 5 in Spellcasting
  6016 | D:5      | Reached XP level 8. HP: 23/36 MP: 4/16
  6219 | D:5      | Reached skill level 8 in Stealth
  6624 | D:6      | Found an ancient bone altar of Kikubaaqudgha.
  6624 | D:6      | Found a shattered altar of Ashenzari.
  6624 | D:6      | Found a basalt altar of Yredelemnul.
  6711 | D:6      | Reached skill level 5 in Short Blades
  7022 | D:6      | Learned a level 3 spell: Tukima's Dance
  7166 | D:6      | Noticed blobert's ghost (novice GrBe)
  7188 | D:6      | Killed blobert's ghost
  7188 | D:6      | Reached XP level 9. HP: 39/39 MP: 7/19
  7257 | D:6      | Reached skill level 9 in Stealth
  7987 | D:7      | Reached ** piety under Dithmenos
  8110 | D:7      | Found a stormy altar of Qazlal.
  8333 | D:7      | Found a blossoming altar of Fedhas.
  9160 | D:8      | Found a flagged portal.
  9271 | D:8      | Found a blossoming altar of Fedhas.
  9504 | Bailey   | Entered a bailey
  9537 | Bailey   | Found an iron altar of Okawaru.
  9537 | Bailey   | Noticed an orc sorcerer
  9537 | Bailey   | Noticed a kobold demonologist
  9549 | Bailey   | Killed a kobold demonologist
  9549 | Bailey   | Reached XP level 10. HP: 44/44 MP: 7/22
  9569 | Bailey   | Killed an orc sorcerer
  9569 | Bailey   | Reached *** piety under Dithmenos
  9569 | Bailey   | Reached skill level 10 in Stealth
  9674 | Bailey   | Noticed an orc knight
  9678 | Bailey   | Killed an orc knight
  9797 | Bailey   | Reached skill level 5 in Ice Magic
 10444 | Bailey   | Noticed an orc knight
 10450 | Bailey   | Killed an orc knight
 10748 | D:9      | Noticed Arctor's ghost (novice GrWz)
 10889 | D:9      | Learned a level 3 spell: Dazzling Spray
 11208 | D:9      | Slain by Arctor's ghost

Skill      XL: |  1  2  3  4  5  6  7  8  9 10 |
---------------+-------------------------------+-----
Hexes          | 4 5 7 8 9 |  9.0
Stealth        | 5 6 7 8 9 10 | 10.8
Short Blades   | 2 3 4 5 6 7 |  7.3
Dodging        | 4 5 6 7 8 9 |  9.7
Spellcasting   | 3 4 5 6 7 8 |  8.0
Ice Magic      | 1 2 3 4 5 |  5.4

Action                   |  1- 3 |  4- 6 |  7- 9 | 10-12 || total
-------------------------+-------+-------+-------+-------++-------
Melee: Dagger            |   178 |   130 |   516 |   104 ||   928
       Rapier            |       |       |       |    66 ||    66
 Cast: Ensorcelled Hiber |     6 |    23 |    59 |    23 ||   111
       Confuse           |     2 |     8 |    23 |     7 ||    40
       Tukima's Dance    |       |       |     6 |     4 ||    10
  Use: Scroll            |       |       |     4 |     1 ||     5
       Potion            |       |       |       |     2 ||     2
 Stab: Sleeping          |    16 |    21 |    66 |    16 ||   119
       Confused          |     2 |     2 |    10 |       ||    14
       Distracted        |       |     1 |     2 |     3 ||     6
  Eat: Bread ration      |       |     1 |     1 |       ||     2
       Fruit             |       |       |     2 |       ||     2
Armor: Robe              |    18 |    14 |    44 |     8 ||    84
Dodge: Dodged            |   123 |   107 |   355 |   196 ||   781
Block: Other             |       |       |    22 |    33 ||    55
